[Event "Team 45 45 League T41"]
[Site "Internet Chess Club"]
[Date "2009.05.10"]
[Round "2"]
[White "arriero55"]
[Black "FractalDante"]
[Result "1/2-1/2"]
[WhiteElo "1445"]
[BlackElo "1550"]
[Opening "Sicilian: dragon, Yugoslav attack"]
[ECO "B76"]
[Time "16:00:30"]
[TimeControl "2700+45"]

1. e4 c5 2. Nf3 d6 3. d4 cxd4 4. Nxd4 Nf6 5. Nc3 g6 6. f3 Bg7 7. Be3 Nc6 8. Qd2
O-O 9. g4 Ne5 10. Be2 Bd7 11. h4 h5 12. gxh5 Nxh5 13. Rg1 Rc8 14. Nd5 Nc4 15.
Bxc4 Rxc4 16. b3 Rxd4 17. Bxd4 Bxd4 18. Qxd4 e6 19. Nc3 Qxh4+ 20. Kd2 Qh2+ 21.
Ne2 Nf4 22. Rae1 e5 23. Rh1 Qxh1 24. Rxh1 exd4 25. Nxf4 Kg7 26. Ne2 f5 27. Nxd4
fxe4 28. fxe4 a6 29. Rg1 {Game drawn by mutual agreement} 1/2-1/2

[Event "Team 45 45 League T41"]
[Site "Internet Chess Club"]
[Date "2009.05.09"]
[Round "2"]
[White "wbanks"]
[Black "quaksterjohny"]
[Result "1-0"]
[WhiteElo "1729"]
[BlackElo "1436"]
[Opening "Caro-Kann: Steinitz variation"]
[ECO "B17"]
[Time "09:00:12"]
[TimeControl "2700+45"]

1. e4 c6 2. d4 d5 3. Nc3 dxe4 4. Nxe4 Nd7 5. Bd3 Ngf6 6. Ng5 h6 7. Ne6 Qb6 8.
Nxf8 Kxf8 9. Nf3 c5 10. dxc5 Nxc5 11. Be3 Nxd3+ 12. Qxd3 Qc7 13. O-O Be6 14.
Rfd1 Qd7 15. Nd4 Bg4 16. Rd2 e5 17. Qa3+ Qe7 18. Qxe7+ Kxe7 19. Nb5 a6 20. Bc5+
Ke6 21. Nc7+ Kf5 22. Nxa8 Rxa8 23. f3 Bh5 24. g4+ Bxg4 25. fxg4+ Nxg4 26. Rf1+
Kg6 27. Rg2 h5 28. h3 f5 29. hxg4 hxg4 30. c3 Kg5 31. Be7+ Kh5 32. Rxf5+ Kh6 33.
Rg5 Re8 34. Rh2# {Black checkmated} 1-0

[Event "Team 45 45 League T41"]
[Site "Internet Chess Club"]
[Date "2009.05.10"]
[Round "2"]
[White "Walker42"]
[Black "jacknor"]
[Result "1-0"]
[WhiteElo "1466"]
[BlackElo "1595"]
[Opening "Sicilian defense"]
[ECO "B33"]
[Time "09:03:55"]
[TimeControl "2700+45"]

1. e4 c5 2. Nf3 Nc6 3. d4 cxd4 4. Nxd4 Nf6 5. Nc3 g6 6. Nxc6 bxc6 7. e5 Ng8 8.
Bc4 Bg7 9. Bf4 Nh6 10. Qd2 Nf5 11. h4 d5 12. Bb3 h5 13. Ba4 Bd7 14. O-O-O e6 15.
Kb1 Rb8 16. b3 O-O 17. f3 c5 18. Bg5 Qc7 19. g4 hxg4 20. fxg4 Nd4 21. Bxd7 Qxd7
22. Bf6 Nb5 23. Nxb5 Qxb5 24. Bxg7 Kxg7 25. h5 c4 26. hxg6 Rh8 27. gxf7 Rxh1 28.
Rxh1 Kxf7 29. Qf4+ Ke8 30. Rh8+ Kd7 31. Qf7+ Kc6 32. Qxe6+ Kc5 33. Qd6+ {Black
resigns} 1-0

[Event "Team 45 45 League T41"]
[Site "Internet Chess Club"]
[Date "2009.05.10"]
[Round "2"]
[White "Makaen"]
[Black "imawesome"]
[Result "1/2-1/2"]
[WhiteElo "1526"]
[BlackElo "1505"]
[Opening "Sicilian: closed"]
[ECO "B23"]
[Time "13:00:06"]
[TimeControl "2700+45"]

1. e4 c5 2. Nc3 g6 3. f4 Bg7 4. Nf3 Nc6 5. Bb5 d6 6. Bxc6+ bxc6 7. O-O Bg4 8. d3
e6 9. Qe1 Bxf3 10. Rxf3 Nh6 11. f5 Ng4 12. fxe6 fxe6 13. Ne2 Ne5 14. Rf1 Rf8 15.
Nf4 Qe7 16. Qg3 g5 17. Nh3 Rxf1+ 18. Kxf1 Qf6+ 19. Qf2 Qxf2+ 20. Kxf2 h6 21. Bd2
Ke7 22. Bc3 Rf8+ 23. Ke2 Bf6 24. Rf1 Ng4 25. Bxf6+ Rxf6 26. Rxf6 Kxf6 27. Kf3
Ne5+ 28. Ke2 d5 29. Nf2 h5 30. h3 Ng6 31. c3 Nf4+ 32. Kf3 Ke5 33. g3 Nxh3 34.
Nxh3 g4+ 35. Kg2 gxh3+ 36. Kxh3 dxe4 37. dxe4 Kxe4 38. Kh4 Kf3 39. Kxh5 e5 40.
g4 e4 41. g5 e3 42. g6 e2 43. g7 e1=Q 44. g8=Q Qe5+ 45. Kg6 Qe4+ 46. Kf6 Qf4+
47. Ke7 Qc7+ 48. Ke6 Qf4 49. Qg6 Qc4+ 50. Kd6 Qd5+ 51. Kc7 Qxa2 52. Qxc6+ Ke2
53. Qb5+ Kd2 54. Kd6 Kc2 55. Qe2+ Kb3 56. Kxc5 Qxb2 57. Qc4+ Kc2 58. Kd4 Qb6+
{Game drawn by mutual agreement} 1/2-1/2

[Event "Team 45 45 League T41"]
[Site "Internet Chess Club"]
[Date "2009.05.11"]
[Round "2"]
[White "whale5970"]
[Black "UriahHeep"]
[Result "1-0"]
[WhiteElo "1459"]
[BlackElo "1338"]
[Opening "Caro-Kann: exchange variation"]
[ECO "B13"]
[Time "15:56:52"]
[TimeControl "2700+45"]

1. e4 c6 2. d4 d5 3. exd5 cxd5 4. Nf3 Nf6 5. Bb5+ Bd7 6. Bd3 e6 7. Ne5 Bc6 8.
O-O Qb6 9. c3 Nbd7 10. f4 Bd6 11. Kh1 O-O-O 12. Nxf7 Ne4 13. Bxe4 dxe4 14. Nxd6+
Kb8 15. Nf7 Qb5 16. Nxh8 Rxh8 17. b3 e3 18. Bxe3 Qd5 19. Qe2 Nf6 20. Nd2 h5 21.
c4 Qf5 22. b4 h4 23. b5 Be8 24. Nf3 Bh5 25. a4 h3 26. g3 Qe4 27. a5 Ng4 28. Ra3
Nxe3 29. Rxe3 Bxf3+ 30. Qxf3 Qc2 31. a6 Kc7 32. Qxb7+ Kd8 33. Qb8+ Ke7 34. Qc7+
Kf6 35. Qe5+ Kg6 36. Qxe6+ Kh7 37. Qxh3+ Kg8 38. Re8+ {Black resigns} 1-0

[Event "Team 45 45 League T41"]
[Site "Internet Chess Club"]
[Date "2009.05.11"]
[Round "2"]
[White "JimGaming"]
[Black "KingOfHearts"]
[Result "0-1"]
[WhiteElo "1325"]
[BlackElo "1301"]
[Opening "Bishop's opening/Petrov: Urusov gambit"]
[ECO "C24"]
[Time "14:03:41"]
[TimeControl "2700+45"]

1. e4 e5 2. Bc4 Nf6 3. d4 exd4 4. Nf3 Bc5 5. O-O h6 6. Re1 O-O 7. c3 d5 8. Bd3
Bg4 9. b4 Bb6 10. Nbd2 dxc3 11. Nf1 Bd4 12. Be3 c2 13. Bxc2 Bxa1 14. Qxa1 Bxf3
15. gxf3 Re8 16. Ng3 Nc6 17. Ba4 Re6 18. a3 Ne5 19. Kg2 dxe4 20. Nxe4 Nxe4 21.
fxe4 Rg6+ 22. Kh1 Nf3 23. Rf1 Qh4 24. Bf4 Qxf4 25. Qe5 Qxe5 {White resigns} 0-1

[Event "Team 45 45 League T41"]
[Site "Internet Chess Club"]
[Date "2009.05.09"]
[Round "2"]
[White "The-Capitalist"]
[Black "blkmagic"]
[Result "0-1"]
[WhiteElo "1141"]
[BlackElo "1237"]
[Opening "Ruy Lopez: open, 7.Bb3"]
[ECO "C80"]
[Time "11:32:11"]
[TimeControl "2700+45"]

1. e4 e5 2. Nf3 Nc6 3. Bb5 a6 4. Ba4 b5 5. Bb3 Nf6 6. O-O Nxe4 7. d4 d6 8. dxe5
dxe5 9. Qxd8+ Nxd8 10. Bd5 Bb7 11. Bxb7 Nxb7 12. Re1 Nbc5 13. b4 f5 14. bxc5
Bxc5 15. Be3 Bb4 16. Bd2 Bc5 17. Be3 Bd6 18. Ng5 O-O 19. Nxe4 fxe4 20. Nc3 Bb4
21. Bd2 Rad8 22. Rad1 Rxd2 23. Nxe4 Rxc2 24. Nd2 Rxd2 25. Rxd2 Bxd2 26. Rxe5 b4
27. Ra5 b3 28. Ra3 Re8 29. g3 bxa2 30. Rxa2 Bb4 31. Rxa6 Rc8 32. Rc6 Kf7 33. Rc4
Be7 34. f4 c5 35. h4 Rd8 36. Kf2 Rd2+ 37. Ke3 Rg2 38. Kf3 Rh2 39. Ke4 h5 40. Kf3
Bd6 41. g4 g6 42. gxh5 gxh5 43. Kg3 Re2 44. Kf3 Re1 45. Kf2 Rb1 46. Rc3 Rb4 47.
Kf3 Rxf4+ 48. Kg3 Rc4+ {White resigns} 0-1

[Event \"Team 45 45 League T41\"]\n[Site \"Internet Chess Club\"]\n[Date \"2009.05.09\"]\n[Round \"2\"]\n[White \"Gomer\"]\n[Black \"kjs110\"]\n[Result \"1-0\"]\n[WhiteElo \"1188\"]\n[BlackElo \"1117\"]\n[Opening \"Caro-Kann defense\"]\n[ECO \"B10\"]\n[Time \"17:00:35\"]\n[TimeControl \"2700+45\"]\n\n1. e4 c6 2. Nf3 Nf6 3. Nc3 d5 4. d3 Bg4 5. Be2 Nbd7 6. O-O Nc5 7. Bf4 dxe4\n8. dxe4 Qxd1 9. Raxd1 Nfxe4 10. h3 Be6 11. Nxe4 Nxe4 12. a3 g6 13. Nd4 Bd5\n14. Bh2 Bg7 15. f3 Nd6 16. b3 e5 17. c4 Be6 18. Nxe6 fxe6 19. Rxd6 Bf8 20.\nRxe6+ Kd8 21. Rd1+ Kc7 22. Bxe5+ Kb6 23. Bxh8 Bc5+ 24. Bd4 Bxd4+ 25. Rxd4\nRh8 26. Rd7 a6 27. Ree7 Rb8 28. Rxh7 a5 29. Bd3 g5 30. Rhg7 Ka6 31. Rxg5 Re8\n32. Rgg7 Re1+ 33. Kf2 Rd1 34. Be2 Rxd7 35. Rxd7 Kb6 36. h4 c5 37. h5 Kc6 38.\nRg7 b5 39. h6 b4 40. axb4 cxb4 41. h7 a4 42. bxa4 b3 43. h8=Q b2 44. Bd3 Kc5\n45. Rc7+ Kb4 46. Qb8+ Kxa4 47. Ra7# {Black checkmated} 1-0\n

[Event "Team 45 45 League T41"]
[Site "Internet Chess Club"]
[Date "2009.05.11"]
[Round "2"]
[White "furrbrain"]
[Black "stillday"]
[Result "1-0"]
[WhiteElo "1182"]
[BlackElo "1157"]
[Opening "Sicilian defense"]
[ECO "B41"]
[Time "13:03:37"]
[TimeControl "2700+45"]

1. e4 e6 2. d4 c5 3. Nf3 cxd4 4. c3 d3 5. Bxd3 a6 6. O-O Be7 7. e5 d6 8. Bf4
dxe5 9. Nxe5 Nf6 10. Nf3 Nc6 11. b4 O-O 12. Qc2 Bd6 13. Ng5 g6 14. Bxd6 Qxd6 15.
Na3 Ne5 16. Ne4 Qxd3 17. Qxd3 Nxd3 18. Nxf6+ Kg7 19. Ng4 f6 20. Nc4 Rd8 21. Rad1
Rd5 22. Nb6 Nb2 23. Rxd5 exd5 24. Nxa8 Bxg4 25. f3 Bf5 26. Nc7 Bd3 27. Re1 Bc4
28. Ne6+ Kg8 29. Nd8 Kf8 30. Nxb7 Nd3 31. Re6 Kg7 32. Nd6 Nf4 33. Ne8+ Kf7 34.
Rxf6+ Kxe8 35. Rxf4 Bxa2 36. Rd4 Bc4 37. Kf2 Kd7 38. Ke3 Kc6 39. Rxc4+ dxc4 40.
Kd4 a5 41. bxa5 Kb5 42. f4 h6 43. g4 Kxa5 44. Kxc4 Kb6 45. Kd5 Kc7 46. Kc5 Kd7
47. Kd5 Ke7 48. Ke5 Kf7 49. c4 Ke7 50. c5 Kd7 51. f5 gxf5 52. gxf5 Ke7 53. c6
Kd8 54. f6 Ke8 55. Ke6 Kd8 56. f7 {Black resigns} 1-0

[Event "Team 45 45 League T41"]
[Site "Internet Chess Club"]
[Date "2009.05.09"]
[Round "2"]
[White "mrmarck"]
[Black "ffplayer"]
[Result "1/2-1/2"]
[WhiteElo "1170"]
[BlackElo "1121"]
[Opening "QGD: Marshall defense"]
[ECO "D06"]
[Time "10:00:11"]
[TimeControl "2700+45"]

1. d4 d5 2. c4 Nf6 3. e3 Bf5 4. Nc3 e6 5. Nf3 Bb4 6. Be2 O-O 7. O-O Nc6 8. a3
Bxc3 9. bxc3 Bg6 10. c5 b6 11. cxb6 cxb6 12. a4 Qc7 13. Bb2 Na5 14. Ne5 Rfc8 15.
f3 Nc4 16. Bxc4 dxc4 17. e4 a6 18. Qd2 Nd7 19. Nxg6 hxg6 20. e5 b5 21. Rfc1 Rd8
22. Qe3 Nb6 23. axb5 axb5 24. Ba3 Nd5 25. Bd6 Qb7 26. Qe2 Nf4 27. Qf1 Nd5 28.
Bb4 Nxb4 29. cxb4 Rxd4 30. Rxa8+ Qxa8 31. Ra1 Qb7 32. h3 Rd8 33. Qf2 Qc8 34. Ra5
Qc6 35. Qc5 Qd5 36. Qxb5 Qxb5 37. Rxb5 Rc8 38. Ra5 c3 39. Ra1 c2 40. Rc1 Kf8 41.
Kf2 Ke7 42. Ke2 Kd7 43. Kd2 Rc4 44. Rxc2 {Game drawn by mutual agreement}
1/2-1/2

[Event "Team 45 45 League T41"]
[Site "Internet Chess Club"]
[Date "2009.05.08"]
[Round "2"]
[White "klt713"]
[Black "Traho"]
[Result "0-1"]
[WhiteElo "1123"]
[BlackElo "1240"]
[Opening "Nimzo-Indian defense"]
[ECO "E20"]
[Time "19:00:16"]
[TimeControl "2700+45"]

1. d4 Nf6 2. c4 e6 3. Nc3 Bb4 4. Bd2 O-O 5. a3 Bxc3 6. bxc3 c6 7. Nf3 d5 8. Ne5
Nbd7 9. Bg5 h6 10. Nxd7 Bxd7 11. Bf4 Bc8 12. Qc2 Ne4 13. e3 f6 14. Bd3 f5 15.
Be5 Ng5 16. h3 Nf7 17. Bg3 a6 18. O-O b5 19. cxb5 axb5 20. a4 Ba6 21. axb5 Bxb5
22. Rxa8 Qxa8 23. Bxb5 cxb5 24. Rb1 Qa6 25. Qb3 Rc8 26. Qxb5 Qxb5 27. Rxb5 Rxc3
28. Rb6 Ng5 29. h4 Ne4 30. Bf4 Rc1+ 31. Kh2 Nxf2 32. Rxe6 Rh1+ 33. Kg3 Ne4+ 34.
Kf3 Rf1+ 35. Ke2 Rf2+ 36. Ke1 Rxg2 37. Re5 Rg1+ 38. Ke2 Rh1 39. Rxf5 Rxh4 40.
Kd3 g5 41. Bc7 g4 42. Rxd5 g3 43. Bxg3 Nxg3 44. e4 Nxe4 45. Kc4 Nd2+ 46. Kc5
Ne4+ 47. Kc4 Rg4 48. Re5 Kg7 49. Kd5 Nf6+ 50. Kc4 h5 51. Re1 Ne4 52. Kd5 Nf2 53.
Ke5 h4 54. Rf1 Rg2 55. Kf4 Nd3+ 56. Kf3 Rg3+ 57. Ke2 h3 58. Rh1 Kf6 59. Rf1+ Ke6
60. Rf3 h2 61. d5+ Kxd5 62. Rxd3+ Kc4 63. Rd1 Rg1 64. Kf2 Rxd1 65. Kg2 h1=Q+
{White resigns} 0-1

[Event "Team 45 45 League T41"]
[Site "Internet Chess Club"]
[Date "2009.05.09"]
[Round "2"]
[White "jocooper"]
[Black "carolinaknight"]
[Result "0-1"]
[WhiteElo "1139"]
[BlackElo "1297"]
[Opening "Bogo-Indian defense"]
[ECO "E11"]
[Time "21:00:17"]
[TimeControl "2700+45"]

1. d4 e6 2. c4 Nf6 3. Nf3 Bb4+ 4. Bd2 c5 5. a3 Bxd2+ 6. Qxd2 b6 7. Nc3 Bb7 8. e4
Nxe4 9. Nxe4 Bxe4 10. Be2 Nc6 11. O-O O-O 12. Qe3 Bf5 13. Nh4 Qxh4 14. Bd3 Bxd3
15. Qxd3 Qxd4 16. Qc2 Rfd8 17. Rad1 Qf6 18. Qe2 Nd4 19. Qd3 Qf5 20. Qd2 Qg6 21.
Kh1 Rdc8 22. Rfe1 Qc2 23. Qxc2 Nxc2 24. Re2 Nd4 25. Red2 Rc7 26. Kg1 Re8 27. Kf1
e5 28. f3 e4 29. Re1 e3 30. Rd3 e2+ 31. Kf2 Kf8 32. Rc3 Rc6 33. Re3 Rxe3 34.
Kxe3 Re6+ 35. Kf2 g5 36. g4 Rf6 37. Ke3 Rxf3+ 38. Kd2 Rh3 39. Rh1 h5 40. Ke1
hxg4 41. Kf2 g3+ 42. Kg2 Rh4 43. h3 f5 44. Kxg3 f4+ 45. Kf2 f3 46. Kg3 Rf4 47.
Kf2 b5 48. cxb5 Nxb5 49. Rg1 Rf5 50. a4 Nd4 51. Rc1 d6 52. a5 Kg7 53. Rg1 Kg6
54. h4 Kh5 55. Rxg5+ Rxg5 56. hxg5 Kxg5 57. a6 Nc2 {White resigns} 0-1

[Event "Team 45 45 League T41"]
[Site "Internet Chess Club"]
[Date "2009.05.09"]
[Round "2"]
[White "Graybeard"]
[Black "RancidTurnip"]
[Result "0-1"]
[WhiteElo "1135"]
[BlackElo "1120"]
[Opening "Sicilian: closed"]
[ECO "B24"]
[Time "21:00:15"]
[TimeControl "2700+45"]

1. e4 c5 2. Nc3 Nc6 3. g3 Nf6 4. Bg2 d6 5. Nge2 Bg4 6. f3 Bd7 7. d3 e6 8. Be3
Qb6 9. b3 Nd4 10. Na4 Bxa4 11. bxa4 Qa5+ 12. Nc3 Qxc3+ 13. Bd2 Qxa1 14. Qxa1
Nxc2+ 15. Kf2 Nxa1 16. Rxa1 Be7 17. Bc3 O-O 18. Rc1 Nd7 19. f4 e5 20. f5 Bg5 21.
Rc2 f6 22. h4 Bh6 23. g4 Bf4 24. Bd2 Bxd2 25. Rxd2 c4 26. dxc4 Nb6 27. Rxd6 Rfd8
28. c5 Rxd6 29. cxd6 Nxa4 30. Bf1 Rd8 31. d7 Nc3 32. Bc4+ Kf8 33. g5 Rxd7 34.
gxf6 gxf6 35. a3 h5 36. Ke3 a6 37. Bd3 Ke7 38. Bc2 b5 39. Bb3 a5 40. Be6 Rd8 41.
Bd5 Nxd5+ 42. exd5 Rxd5 43. Ke4 Kd6 {White resigns} 0-1

[Event "Team 45 45 League T41"]
[Site "Internet Chess Club"]
[Date "2009.05.10"]
[Round "2"]
[White "Timotheous"]
[Black "AVEMARIA"]
[Result "1-0"]
[WhiteElo "1693"]
[BlackElo "1675"]
[Opening "English opening"]
[ECO "A05"]
[Time "12:30:08"]
[TimeControl "2700+45"]

1. Nf3 Nf6 2. c4 e6 3. g3 c5 4. Bg2 Nc6 5. O-O Be7 6. b3 d6 7. Bb2 O-O 8. d3 Qc7
9. Nbd2 Bd7 10. Rc1 Rad8 11. Rc2 Nb4 12. Rc1 Nxa2 13. Ra1 Nb4 14. Rxa7 Ra8 15.
Ra1 Rxa1 16. Qxa1 Bc6 17. Ng5 Bxg2 18. Kxg2 Nc6 19. Nge4 Ne5 20. Bxe5 dxe5 21.
Nxf6+ Bxf6 22. Ne4 Qc6 23. Kg1 b6 24. Qb2 Qc7 25. b4 Be7 26. bxc5 Bxc5 27. Nxc5
Qxc5 28. Ra1 Qd4 29. Qxd4 exd4 30. Rb1 Rb8 31. Rb5 f6 32. c5 e5 33. Kg2 Kf7 34.
Rxb6 Rc8 35. c6 Kg6 36. Kf3 Kf5 37. h4 Rc7 38. g4+ Kg6 39. Ke4 h5 40. gxh5+ Kxh5
41. Kd5 Kxh4 42. Kd6 Rxc6+ 43. Rxc6 Kg4 44. Ke6 Kg5 45. Kf7 Kh6 46. Rc1 f5 47.
Rg1 e4 48. dxe4 fxe4 49. Rxg7 Kh5 50. Kf6 {Black resigns} 1-0

[Event "Team 45 45 League T41"]
[Site "Internet Chess Club"]
[Date "2009.05.08"]
[Round "2"]
[White "SATELLITE-DAN"]
[Black "basserben"]
[Result "0-1"]
[WhiteElo "1586"]
[BlackElo "1639"]
[Opening "QGD: Marshall defense"]
[ECO "A50"]
[Time "20:00:08"]
[TimeControl "2700+45"]

1. d4 Nf6 2. c4 d5 3. cxd5 Bf5 4. Nc3 Nxd5 5. e4 Nxc3 6. bxc3 Bxe4 7. Nf3 e6 8.
Bb5+ Bc6 9. Bd3 Nd7 10. O-O Bd6 11. Bg5 Bxf3 12. Qxf3 Qxg5 13. Qxb7 O-O 14. Rae1
Nf6 15. Qb1 Bxh2+ 16. Kh1 Qh4 17. Re3 Bg3+ {White resigns} 0-1

[Event "Team 45 45 League T41"]
[Site "Internet Chess Club"]
[Date "2009.05.09"]
[Round "2"]
[White "OGO"]
[Black "TwentyMiles"]
[Result "0-1"]
[WhiteElo "1591"]
[BlackElo "1638"]
[Opening "Scotch: Schmidt variation"]
[ECO "C45"]
[Time "18:00:25"]
[TimeControl "2700+45"]

1. e4 Nc6 2. d4 e5 3. Nf3 exd4 4. Nxd4 Nf6 5. Nc3 Bb4 6. Nxc6 bxc6 7. Bg5 h6 8.
Bxf6 Qxf6 9. Qd3 Bxc3+ 10. Qxc3 Qxc3+ 11. bxc3 Rb8 12. Bd3 O-O 13. Kd2 d5 14.
Rhe1 Be6 15. a3 dxe4 16. Bxe4 Rfd8+ 17. Ke3 Bd5 18. f3 Rd6 19. Kf2 Rdd8 20. Rab1
Kf8 21. Rb4 Rb6 22. Reb1 Bxe4 23. fxe4 Rd2+ 24. Kf3 Rxc2 25. Rxb6 Rxc3+ 26. Kf2
cxb6 27. Ra1 Ke7 28. Ra2 Ke6 {White resigns} 0-1

[Event "Team 45 45 League T41"]
[Site "Internet Chess Club"]
[Date "2009.05.10"]
[Round "2"]
[White "Lionskins"]
[Black "Skyler"]
[Result "1-0"]
[WhiteElo "1599"]
[BlackElo "1452"]
[Opening "Réti opening"]
[ECO "A06"]
[Time "15:01:03"]
[TimeControl "2700+45"]

1. Nf3 d5 2. e3 Bf5 3. c4 e6 4. Nc3 c6 5. a3 Nf6 6. h3 Nbd7 7. b4 a5 8. b5 Bd6
9. Nd4 Qb6 10. Na4 Qc7 11. Nxf5 exf5 12. d3 f4 13. Be2 fxe3 14. Bxe3 O-O 15. b6
Qb8 16. c5 Bf4 17. O-O Bh2+ 18. Kh1 Bf4 19. Bf3 Re8 20. Qd2 Bxe3 21. fxe3 Qe5
22. Rae1 d4 23. e4 Nxc5 24. Nb2 Nb3 25. Qc2 Qb5 26. Nc4 Nc5 27. Rb1 Qa6 28. a4
Nfd7 29. Nd6 Red8 30. Nc4 Re8 31. Nd6 Re6 32. Nc4 Ne5 33. Nxe5 Rxe5 34. Be2 Nd7
35. Qb3 Re6 36. Bg4 Rd6 37. Qxf7+ Kh8 38. Bxd7 Qxd3 39. Bf5 Qa3 40. Be6 Qxa4 41.
Qf8+ Rxf8 42. Rxf8# {Black checkmated} 1-0

[Event "Team 45 45 League T41"]
[Site "Internet Chess Club"]
[Date "2009.05.11"]
[Round "2"]
[White "Razorbackchess"]
[Black "SugarIslander"]
[Result "1/2-1/2"]
[WhiteElo "1786"]
[BlackElo "1733"]
[Opening "Grünfeld: Grünfeld gambit accepted"]
[ECO "D84"]
[Time "19:00:09"]
[TimeControl "2700+45"]

1. d4 Nf6 2. c4 g6 3. Nc3 d5 4. Bf4 Bg7 5. e3 O-O 6. cxd5 Nxd5 7. Nxd5 Qxd5 8.
Bxc7 Nc6 9. Ne2 Re8 10. Nc3 Qd7 11. Bg3 e5 12. d5 Ne7 13. Bb5 Qd8 14. Bxe8 Qxe8
15. e4 Bd7 16. O-O a6 17. f3 Nc8 18. Bf2 Bf8 19. Qd2 Nd6 20. b3 f5 21. f4 fxe4
22. fxe5 Qxe5 23. Bg3 Qe8 24. Rae1 Bf5 25. Qe3 {Game drawn by mutual agreement}
1/2-1/2

[Event "Team 45 45 League T41"]
[Site "Internet Chess Club"]
[Date "2009.05.07"]
[Round "2"]
[White "oldsj"]
[Black "sean98"]
[Result "1-0"]
[WhiteElo "1616"]
[BlackElo "1688"]
[Opening "Sicilian: Najdorf, 7.f4"]
[ECO "B96"]
[Time "16:07:08"]
[TimeControl "2700+45"]

1. e4 c5 2. Nf3 d6 3. d4 cxd4 4. Nxd4 Nf6 5. Nc3 a6 6. Bg5 e6 7. f4 Nbd7 8. Qf3
Qc7 9. O-O-O b5 10. g4 Bb7 11. Bxf6 Nxf6 12. g5 Nd7 13. Qh5 g6 14. Qe2 Rc8 15.
Bg2 b4 16. Nb1 Nc5 17. Rhe1 Bg7 18. e5 Bxg2 19. exd6 Qxd6 20. Nxe6 Bd5 21. Nc7+
Kf8 22. Qe8+ {Black resigns} 1-0

[Event "Team 45 45 League T41"]
[Site "Internet Chess Club"]
[Date "2009.05.09"]
[Round "2"]
[White "kingphisch"]
[Black "foodfight"]
[Result "1-0"]
[WhiteElo "1609"]
[BlackElo "1493"]
[Opening "Sicilian: closed"]
[ECO "B23"]
[Time "13:04:58"]
[TimeControl "2700+45"]

1. e4 c5 2. Nc3 e6 3. f4 d5 4. Nf3 dxe4 5. Nxe4 Nc6 6. Bb5 Bd7 7. O-O Nh6 8. d3
Nf5 9. Bxc6 Bxc6 10. Qe1 Be7 11. Neg5 Bxf3 12. Nxf3 O-O 13. Be3 Rc8 14. Rd1 Nd4
15. Bxd4 cxd4 16. Qf2 Bc5 17. Ng5 Bb6 18. Ne4 Qe7 19. Rc1 Rc6 20. f5 exf5 21.
Qxf5 Qe6 22. Qf3 h6 23. a3 Rfc8 24. Rf2 Rf8 25. Re2 Qg6 26. Rf1 Qe6 27. Rfe1 Qg6
28. Rf1 Bd8 29. Qh3 f5 30. Ref2 Bg5 31. Nxg5 Qxg5 32. Qf3 Qe3 33. Qxe3 dxe3 34.
Re2 f4 35. c4 Rd6 36. Rd1 Rfd8 37. Kf1 Rxd3 38. Rxd3 Rxd3 39. Ke1 Kf7 40. Rc2
Ke6 41. Ke2 Rd8 42. b4 g5 43. c5 Rd2+ 44. Rxd2 exd2 45. Kxd2 Kd5 46. Kd3 g4 47.
h3 h5 48. Ke2 Kc4 49. hxg4 hxg4 50. Kf2 Kb3 51. b5 Kc4 52. c6 {Black resigns}
1-0

[Event "Team 45 45 League T41"]
[Site "Internet Chess Club"]
[Date "2009.05.08"]
[Round "2"]
[White "Berkshires"]
[Black "twintower"]
[Result "0-1"]
[WhiteElo "1544"]
[BlackElo "1466"]
[Opening "French defense"]
[ECO "C11"]
[Time "19:00:18"]
[TimeControl "2700+45"]

1. e4 e6 2. d4 d5 3. Nc3 Nf6 4. Bg5 h6 5. Bh4 g5 6. Bg3 dxe4 7. Qd2 Bd6 8. O-O-O
Nd5 9. Nxd5 exd5 10. Bxd6 Qxd6 11. f3 f5 12. fxe4 fxe4 13. Qe3 Qf4 14. Re1 Rf8
15. Qxf4 gxf4 16. Nf3 Nd7 17. g3 Kd8 18. Nd2 f3 19. c4 c6 20. cxd5 cxd5 21. Kb1
Nb6 22. Re3 Bd7 23. Nb3 Nc8 24. Nc5 b6 25. Nxd7 Kxd7 26. Bb5+ Kd6 27. Rc3 Ne7
28. Rf1 Rac8 29. Re3 Nf5 30. Ree1 Nxd4 31. Ba4 b5 32. Bb3 Nxb3 33. axb3 Rce8 34.
Kc2 d4 35. b4 Kd5 36. b3 Rc8+ 37. Kb2 Rc3 38. Ra1 Rfc8 39. Rf2 Re3 40. Rc2 Rxc2+
41. Kxc2 Re2+ 42. Kd1 Rxh2 43. Rxa7 e3 44. Rd7+ Ke4 45. Re7+ Kd3 46. Kc1 f2 47.
Rf7 Rh1+ 48. Kb2 f1=Q 49. Rxf1 Rxf1 50. g4 e2 51. g5 e1=Q 52. gxh6 Qa1# {White
checkmated} 0-1

[Event "Team 45 45 League T41"]
[Site "Internet Chess Club"]
[Date "2009.05.10"]
[Round "2"]
[White "GadsHill"]
[Black "BotanicalKnight"]
[Result "1/2-1/2"]
[WhiteElo "1512"]
[BlackElo "1562"]
[Opening "Dutch defense, Rubinstein variation"]
[ECO "A84"]
[Time "18:32:54"]
[TimeControl "2700+45"]

1. d4 f5 2. c4 e6 3. Nc3 Nf6 4. g3 Be7 5. Bg2 O-O 6. Nh3 d6 7. O-O a5 8. b3 c6
9. Ba3 d5 10. Bxe7 Qxe7 11. cxd5 exd5 12. Nf4 Ne4 13. Rc1 Nd7 14. Nd3 Qf6 15. e3
b6 16. Qc2 Bb7 17. Nxd5 cxd5 18. Qc7 Ba6 19. Qxd7 Bxd3 20. Qxd5+ Qf7 21. Qxf7+
Rxf7 22. Rfe1 Ba6 {Game drawn by mutual agreement} 1/2-1/2

[Event "Team 45 45 League T41"]
[Site "Internet Chess Club"]
[Date "2009.05.09"]
[Round "2"]
[White "medsurg"]
[Black "carambola"]
[Result "1-0"]
[WhiteElo "1419"]
[BlackElo "1178"]
[Opening "Scandinavian (center counter) defense"]
[ECO "B01"]
[Time "20:00:14"]
[TimeControl "2700+45"]

1. e4 d5 2. exd5 Qxd5 3. Nc3 Qe6+ 4. Be2 Qb6 5. d4 e6 6. Nf3 Bb4 7. Qd3 Nc6 8.
O-O Nf6 9. Bf4 Bd7 10. Nb5 Rc8 11. c3 Be7 12. Rfd1 e5 13. dxe5 O-O 14. exf6 Bxf6
15. Qxd7 Ne7 16. Be3 Qe6 17. Nxc7 Qxd7 18. Rxd7 Nf5 19. Bxa7 Ne7 20. Rad1 Nc6
21. Bc5 Rfe8 22. Nxe8 Rxe8 23. Bc4 h6 24. Bxf7+ Kh7 25. Bxe8 Na5 26. Bd4 Bxd4
27. Nxd4 Nc4 28. Ne6 Nxb2 29. Rxg7+ Kh8 30. Rd8 Nc4 31. Bb5# {Black checkmated}
1-0

[Event "Team 45 45 League T41"]
[Site "Internet Chess Club"]
[Date "2009.05.08"]
[Round "2"]
[White "UriahHeep"]
[Black "IanT"]
[Result "0-1"]
[WhiteElo "1350"]
[BlackElo "1411"]
[Opening "QGD: exchange variation"]
[ECO "D35"]
[Time "20:00:51"]
[TimeControl "2700+45"]

1. d4 Nf6 2. c4 e6 3. Nc3 d5 4. cxd5 exd5 5. Nf3 c5 6. e3 Bg4 7. Be2 Nc6 8. h3
Bh5 9. Qa4 a6 10. Ne5 Qd6 11. Bxh5 Nxh5 12. Nxc6 Qxc6 13. Qxc6+ bxc6 14. O-O Bd6
15. e4 cxd4 16. Ne2 dxe4 17. Nxd4 Rc8 18. Nf5 Be5 19. g4 g6 20. Ne3 Nf4 21. Kh2
Nd3+ 22. Kg2 Nxb2 23. Bxb2 Bxb2 24. Rab1 Bd4 25. Nc4 Rd8 26. Rfe1 f5 27. gxf5
gxf5 28. f3 Rg8+ 29. Kh2 Bc3 30. Rec1 Bd2 31. Rc2 Bf4+ 32. Kh1 exf3 33. Re1+ Kf8
34. Na5 Bd2 {White resigns} 0-1

[Event "Team 45 45 League T41"]
[Site "Internet Chess Club"]
[Date "2009.05.10"]
[Round "2"]
[White "Conjurer"]
[Black "Danny-ONeil"]
[Result "0-1"]
[WhiteElo "1296"]
[BlackElo "1263"]
[Opening "English: Sicilian reversed"]
[ECO "A25"]
[Time "19:00:34"]
[TimeControl "2700+45"]

1. c4 e5 2. Nc3 Nc6 3. g3 Nf6 4. Bg2 Bb4 5. Nd5 O-O 6. Nxb4 Nxb4 7. a3 Nc6 8. b4
d6 9. Nf3 Bg4 10. d4 Qd7 11. b5 Nxd4 12. Nxd4 exd4 13. Qxd4 Rfe8 14. Bxb7 Rxe2+
15. Kf1 Rae8 16. Be3 c5 17. Qd3 Qxb7 18. h3 Qxh1# {White checkmated} 0-1

[Event "Team 45 45 League T41"]
[Site "Internet Chess Club"]
[Date "2009.05.06"]
[Round "2"]
[White "scottrugby"]
[Black "Zyme"]
[Result "1-0"]
[WhiteElo "1531"]
[BlackElo "1477"]
[Opening "French: classical, Steinitz variation"]
[ECO "C14"]
[Time "21:00:39"]
[TimeControl "2700+45"]

1. e4 e6 2. d4 d5 3. Nc3 Nf6 4. Bg5 Be7 5. e5 Nfd7 6. Bxe7 Qxe7 7. f4 a6 8. Nf3
c5 9. dxc5 Nc6 10. Qd2 Qxc5 11. O-O-O b5 12. Bd3 b4 13. Ne2 a5 14. Kb1 a4 15. b3
axb3 16. cxb3 Ba6 17. Bxa6 Rxa6 18. Rc1 Qa7 19. Nfd4 Ndb8 20. Rc2 Kd7 21. Rhc1
Rc8 22. Nb5 Qb6 23. Nd6 Rc7 24. Nd4 Qa5 25. N4b5 f6 26. Nxc7 Qxc7 27. Nb5 Qb7
28. Nd4 Qa7 29. exf6 gxf6 30. Nxc6 Nxc6 31. Qf2 Qa8 32. Qh4 Qh8 33. Rc5 Kd6 34.
f5 e5 35. Qh5 Qg8 36. Qe2 Nd4 37. Qxa6+ {Black resigns} 1-0